 Dungeon Crawl Stone Soup version 0.16-b1 (webtiles) character file.

686 dysrexia the Conjurer (level 7, -4/46 HPs)
             Began as a Demonspawn Conjurer on Mar 14, 2015.
             Was a Follower of Vehumet.
             Shot with an arrow by a centaur (9 damage)
             ... on level 5 of the Dungeon.
             The game lasted 00:18:25 (3704 turns).

dysrexia the Conjurer (Demonspawn Conjurer)         Turns: 3704, Time: 00:18:25

Health: -4/46      AC:  7    Str:  8    XL:     7   Next: 35%
Magic:  9/15       EV: 12    Int: 18    God:    Vehumet [*.....]
Gold:   199        SH:  0    Dex: 13    Spells: 3 memorised, 7 levels left

rFire  . . .     SeeInvis .     o - +2 hand axe (chop)
rCold  . . .     Clarity  .     a - +0 robe
rNeg   . . .     SustAb   .     (no shield)
rPois  .         Gourm    .     h - +0 helmet
rElec  .         Spirit   .     (no cloak)
rCorr  .         Warding  .     (no gloves)
rMut   .         Stasis   .     (no boots)
MR     .....                    (no amulet)
Stlth  ++........               (no ring)
                                (no ring)

@: not resistant to hostile enchantments, unstealthy
A: claws 1, rough black scales 1, powered by death 1
a: Renounce Religion


You were on level 5 of the Dungeon.
You worshipped Vehumet.
Vehumet was aware of your devotion.
You were not hungry.

You visited 1 branch of the dungeon, and saw 5 of its levels.

You collected 199 gold pieces.

Inventory:

Hand weapons
 o - a +2 hand axe of chopping (weapon)
Missiles
 i - 180 stones (quivered)
 q - 19 poisoned needles
Armour
 a - a +0 robe (worn)
 e - a +1 cloak
 h - a +0 helmet (worn)
Scrolls
 g - a scroll of amnesia
 s - a scroll of remove curse
Potions
 f - a potion of might {unknown}
 j - a potion of restore abilities {unknown}
 k - 2 potions of cure mutation
 n - a potion of haste {unknown}
 r - 2 potions of curing {unknown}
 t - 2 potions of magic {unknown}
 u - 2 potions of poison {unknown}
 v - a potion of brilliance {unknown}
Books
 c - a book of Conjurations

   Spells                             Type                      Level
   a - Magic Dart                     Conjuration                  1
   b - Searing Ray                    Conjuration                  2
   c - Dazzling Spray                 Conjuration/Hexes            3
   d - Fulminant Prism                Conjuration/Hexes            4
   e - Iskenderun's Mystic Blast      Conjuration                  4
   f - Iskenderun's Battlesphere      Conjuration/Charms           5
Comestibles
 b - 6 bread rations
 d - 4 meat rations
 l - a royal jelly
 m - 6 fruits
 p - a slice of pizza
 w - a chunk of flesh


   Skills:
 - Level 1.7 Dodging
 - Level 1.7 Stealth
 + Level 3.6 Spellcasting
 * Level 7.6 Conjurations
 - Level 3.1 Hexes


You had 7 spell levels left.
You knew the following spells:

 Your Spells              Type           Power        Failure   Level  Hunger
a - Magic Dart            Conj           ####         1%          1    None
b - Searing Ray           Conj           ####..       1%          2    ##.....
c - Dazzling Spray        Conj/Hex       ###.....     6%          3    ###....


Dungeon Overview and Level Annotations

Branches:
Dungeon (5/15)
 Temple: D:4-7

Altars:
Cheibriados
Makhleb
Vehumet
The Shining One


Innate Abilities, Weirdness & Mutations

You have sharp fingernails.
You are partially covered in rough black scales (AC +4, Dex -1).
You can steal the life force of nearby defeated enemies.


Message History

Aim: a centaur, wielding a shortbow The spray of energy hits the centaur.
The centaur is lightly wounded.
The centaur is dazzled.
You feel less regenerative.
The centaur shoots an arrow.
The arrow hits you!
* * * LOW HITPOINT WARNING * * *
The centaur shoots an arrow.
The arrow hits you but does no damage.
You see here an arrow.
Casting: Dazzling Spray
Confirm with . or Enter, or press ? or * to list all spells.
Aiming: Dazzling Spray
Press: ? - help, Shift-Dir - straight line, f/p - centaur
Aim: a centaur, wielding a shortbow (lightly wounded, blind)
The spray of energy hits the centaur.
The centaur is moderately wounded.
The centaur is dazzled.
The centaur shoots an arrow.
The arrow hits you.
* * * LOW HITPOINT WARNING * * *
The centaur shoots an arrow.
The arrow hits you!
You die...

#.....#.............
#######.###.##.##.##
#.# #.##.# #.#
#.##.# #.# #.##.#
###.
#.###.##.##......
#>...........#
#.###.#..##.## #.#
#.##@# #
###.###.##.##
#<.........(# #
###.###.##.(#.#
........c(..#
#.###.#.....#
................
#####c#.#...###..
..[........


You could see a centaur (blind).

Vanquished Creatures
  Grinder (D:3)
  3 ogres (D:4)
  A scorpion (D:4)
  A giant frog zombie (D:5)
  3 adders
  4 gnolls
  3 giant mites
  An adder skeleton (D:4)
  3 giant geckos
  An orc (D:3)
  A bat skeleton (D:4)
  A bat zombie (D:5)
  6 giant cockroaches
  11 goblins
  8 hobgoblins
  4 jackals
  12 kobolds
  A ball python (D:5)
  8 bats
  A giant gecko skeleton (D:4)
  3 giant newts
  A quokka (D:4)
  5 rats
83 creatures vanquished.

Notes
Turn   | Place    | Note
--------------------------------------------------------------
     0 | D:1      | dysrexia, the Demonspawn Conjurer, began the quest for the Orb.
     0 | D:1      | Reached XP level 1. HP: 13/13 MP: 3/3
   507 | D:1      | Gained mutation: You can steal the life force of nearby defeated enemies. [demonic ancestry]
   507 | D:1      | Reached XP level 2. HP: 16/19 MP: 1/4
   917 | D:1      | Reached skill level 5 in Conjurations
   952 | D:1      | Gained mutation: You have sharp fingernails. [demonic ancestry]
   952 | D:1      | Reached XP level 3. HP: 11/24 MP: 1/6
   956 | D:1      | Learned a level 2 spell: Searing Ray
  1017 | D:2      | Found a snail-covered altar of Cheibriados.
  1215 | D:2      | Found a glowing golden altar of the Shining One.
  1279 | D:2      | Found a radiant altar of Vehumet.
  1295 | D:2      | Became a worshipper of Vehumet
  1781 | D:3      | Found a burning altar of Makhleb.
  1843 | D:3      | Noticed Grinder
  1865 | D:3      | Paralysed by Grinder for 6 turns
  1875 | D:3      | Paralysed by Grinder for 6 turns
  1894 | D:3      | Paralysed by Grinder for 6 turns
  1934 | D:3      | Killed Grinder
  1934 | D:3      | Reached skill level 7 in Conjurations
  1934 | D:3      | Reached XP level 4. HP: 6/30 MP: 0/7
  1934 | D:3      | Reached XP level 5. HP: 7/35 MP: 0/9
  2214 | D:3      | Gained mutation: You are partially covered in rough black scales (AC +4, Dex -1). [demonic ancestry]
  2214 | D:3      | Reached XP level 6. HP: 37/41 MP: 6/10
  2421 | D:3      | Learned a level 3 spell: Dazzling Spray
  2679 | D:4      | Acquired Vehumet's first power
  2679 | D:4      | Offered knowledge of Flame Tongue by Vehumet.
  2833 | D:4      | Reached skill level 1 in Hexes
  3265 | D:4      | Reached XP level 7. HP: 44/46 MP: 2/15
  3593 | D:5      | Entered Level 5 of the Dungeon
  3704 | D:5      | Shot with an arrow by a centaur

Action                   |  1- 3 |  4- 6 |  7- 9 || total
-------------------------+-------+-------+-------++-------
Melee: Unarmed           |    27 |       |       ||    27
       Hand axe          |     5 |    15 |     3 ||    23
 Cast: Magic Dart        |    81 |    39 |    14 ||   134
       Searing Ray       |     2 |     5 |     3 ||    10
       Dazzling Spray    |       |     9 |     4 ||    13
  Use: Scroll            |     6 |     2 |     2 ||    10
       Potion            |     3 |       |       ||     3
 Stab: Sleeping          |       |     1 |       ||     1
  Eat: Chunk             |     4 |     6 |     2 ||    12
